 Dungeon Crawl Stone Soup version 0.30.0-15-g856e2d3f33 (webtiles) character file.

Game seed: 15785013260980228748

333 bmack86 the Conjurer (level 6, -5/36 HPs)
             Began as an Octopode Conjurer on May 20, 2023.
             Slain by an iguana (10 damage)
             ... on level 6 of the Dungeon.
             The game lasted 00:23:53 (3460 turns).

bmack86 the Conjurer (Octopode Conjurer)            Turns: 3460, Time: 00:23:55

Health: -5/36      AC:  8    Str:  6    XL:     6   Next: 52%
Magic:  11/11      EV: 13    Int: 22    God:
Gold:   238        SH:  0    Dex: 11    Spells: 5/11 levels left

rFire   + . .        g - +0 glaive (protect)
rCold   x . .        (shield currently unavailable)
rNeg    . . .        (helmet restricted)
rPois   .            (no amulet)
rElec   .            x - ring of willpower
rCorr   .            y - ring of fire
SInv    .            (no ring)
Will    +....        (no ring)
Stlth   +++          (no ring)
HPRegen 0.26/turn    (no ring)
MPRegen 0.12/turn    (no ring)
                     (no ring)

%: no passive effects
@: under a protective aura
A: almost no armour, amphibious, 8 rings, camouflage 1, gelatinous body 1,
(nimble swimmer 1), tentacles
a: no special abilities


You were on level 6 of the Dungeon.
You visited 2 branches of the dungeon, and saw 6 of its levels.

You collected 238 gold pieces.

Inventory:

Hand Weapons
 c - a +0 dagger
 g - a +0 glaive of protection (weapon)
 h - a +0 sling
 l - a +0 long sword
 w - a +2 short sword of draining
Missiles
 k - 19 stones
 n - 2 poisoned darts
 r - 5 javelins
Jewellery
 x - a ring of willpower (left tentacle)
 y - a ring of fire (right tentacle)
Wands
 z - a wand of polymorph (12)
Scrolls
 b - a scroll of fear
 f - 2 scrolls of fog
 i - 2 scrolls of teleportation {unknown}
 o - a scroll of enchant armour {unknown}
 u - 2 scrolls of brand weapon
Potions
 a - a potion of magic
 d - 4 potions of curing
 e - a potion of degeneration
 j - 4 potions of brilliance
 m - a potion of attraction {unknown}
 p - 2 potions of mutation
 q - 3 potions of flight
 s - a potion of cancellation {unknown}
 t - a potion of ambrosia {unknown}
 v - a potion of lignification {unknown}


   Skills:
 + Level 1.8 Polearms
 - Level 1.0 Ranged Weapons
 + Level 1.6 Throwing
 + Level 3.0 Dodging
 + Level 4.3 Stealth
 * Level 3.4 Spellcasting
 + Level 4.7 Conjurations
 + Level 1.2 Hexes


You had 5 spell levels left.
You knew the following spells:

 Your Spells              Type           Power      Damage    Failure   Level
a - Magic Dart            Conj           96%        1d7       1%          1
b - Searing Ray           Conj           48%        2d6       2%          2
c - Dazzling Flash        Conj/Hex       32%        N/A       11%         3

Your spell library contained the following spells:

 Spells                   Type           Power      Damage    Failure   Level
 Fulminant Prism          Conj/Hex       8%         3d7       34%         4
 Iskenderun's Mystic Bla  Conj/Tloc      14%        2d5       41%         4


Dungeon Overview and Level Annotations

Branches:
Dungeon (6/15)             Temple (1/1) D:6

Altars:
Ashenzari
Dithmenos
Elyvilon
Gozag
Kikubaaqudgha
Okawaru
Sif Muna
Wu Jian
Xom
Yredelemnul
Zin
The Shining One

Annotations:
D:6 3 runed translucent doors, SkeletonJelly's ghost, novice DsRe; shadowrider38's ghost, novice MiFi


Innate Abilities, Weirdness & Mutations

You cannot wear most types of armour.
You are amphibious.
You can wear up to eight rings at the same time.
Your skin changes colour to match your surroundings (Stealth+).
Your rubbery body absorbs attacks. (AC +1, EV +1)
((You are camouflaged when in or above water. (Stealth+)))
You have tentacles for arms and can constrict up to eight enemies at once.


Message History

You climb upwards.
Welcome back to the Dungeon!
Level annotation: 3 runed translucent doors, SkeletonJelly's ghost, novice DsRe; shadowrider38's ghost, novice MiFi
There is a staircase to the Ecumenical Temple here.
Reach: g) +0 glaive (protect)
Press: ? - help, Dir - move target, f - hound
Aim: a hound (asleep, about 2% to evade your +0 glaive of protection)
You reach to attack!
The helpless hound fails to defend itself.
You slash the hound!
Your weapon exudes an aura of protection.
The hound is heavily wounded.
The hound pauses to sniff the ground.
The hound bites you but does no damage.
You barely miss the hound.
The iguana hisses angrily.
Your grab misses the hound. Your squeeze misses the hound.
The hound is heavily wounded.
The hound bites you but does no damage. The hound barely misses you.
The hound bites you but does no damage.
You slash the hound! Your grab misses the hound.
The hound is almost dead.
The hound bites you but does no damage. x2
You barely miss the hound. You grab the hound.
The hound is almost dead.
You constrict the hound, but do no damage.
The hound bites you. The hound barely misses you. The iguana bites you!
The hound misses you.
You barely miss the hound.
The hound is almost dead.
You constrict the hound, but do no damage.
The hound bites you. The iguana bites you. The iguana bites you!
* * * LOW HITPOINT WARNING * * *
The hound misses you.
You hit the hound but do no damage.
Your weapon exudes an aura of protection.
The hound is almost dead.
You constrict the hound.
You kill the hound!
The iguana barely misses you. The iguana bites you!
You die...

#########.. ..
............ ##.
.#...##.....#
...##.#..........# #
.##.......##.#.....#
#. ...#..##....#.....#
#..##.#.....#!.......#
#...l†...##.#.#.......
.. #@##......#.......
..)#....>.##.........
#....##......##.#....
#.##)...##.#....#....
#....##....#.##.#....
#l#.....#.......#....
#.##..#.##.##.#....
..............#....
###############


You could see an iguana.

Vanquished Creatures
  A bullfrog (D:6)
  A scorpion (D:6)
  A hound (D:6)
  A sleepcap (D:6)
  Jessica (D:2)
  Terence (D:2)
  2 adders
  A shadow imp (D:6)
  A white imp (D:6)
  3 worms
  2 dart slugs
  10 orcs
  7 bats
  3 endoplasms
  4 giant cockroaches
  4 goblins
  9 hobgoblins
  5 jackals
  A quokka (D:1)
  6 ball pythons
  3 frilled lizards
  4 kobolds
  5 rats
76 creatures vanquished.

Notes
Turn   | Place    | Note
-------+----------+-------------------------------------------
     0 | D:1      | bmack86 the Octopode Conjurer began the quest for the Orb.
     0 | D:1      | Reached XP level 1. HP: 11/11 MP: 3/3
   146 | D:1      | Reached XP level 2. HP: 17/17 MP: 5/5
   464 | D:1      | Reached XP level 3. HP: 21/21 MP: 2/6
  1028 | D:2      | Noticed Jessica
  1050 | D:2      | Killed Jessica
  1051 | D:2      | Reached skill level 1 in Polearms
  1051 | D:2      | Reached XP level 4. HP: 27/27 MP: 5/7
  1067 | D:2      | Found a faded altar of an unknown god.
  1078 | D:2      | Noticed Terence
  1086 | D:2      | Killed Terence
  1087 | D:2      | Reached skill level 1 in Ranged Weapons
  1492 | D:3      | Found a glowing silver altar of Zin.
  1523 | D:3      | Learned a level 2 spell: Searing Ray
  1527 | D:3      | Learned a level 3 spell: Dazzling Flash
  1741 | D:3      | Reached XP level 5. HP: 28/31 MP: 9/9
  2210 | D:3      | Found an ornate altar of the Wu Jian Council.
  2210 | D:3      | Found a shimmering altar of Xom.
  2317 | D:3      | Reached skill level 1 in Throwing
  2657 | D:4      | Found an ancient bone altar of Kikubaaqudgha.
  2815 | D:4      | You fall into a shaft and drop 2 floors!
  2924 | D:6      | Noticed a wraith
  3034 | D:6      | Reached skill level 1 in Hexes
  3034 | D:6      | Reached XP level 6. HP: 23/36 MP: 10/10
  3287 | D:6      | Found a runed translucent gate.
  3292 | D:6      | Found a runed translucent gate.
  3292 | D:6      | Found a runed translucent gate.
  3304 | D:6      | Noticed shadowrider38's ghost (novice MiFi)
  3304 | D:6      | Noticed SkeletonJelly's ghost (novice DsRe)
  3322 | D:6      | Found a staircase to the Ecumenical Temple.
  3340 | Temple   | Entered the Ecumenical Temple
  3460 | D:6      | Slain by an iguana

Illustrated notes

Levels and vault maps discovered:
D:1:      grunt_arrival_lava_bath, layout_loops_ring, chequers_decorated_corner
D:2:      layout_basic, dreamdust_ecumenical_altar_angels_and_demons,
          uniq_terence, uniq_jessica
D:3:      layout_loops_ring, amcnicky_altar_gilded,
          amethyst_overflow_temple_binary, corexii_corridor_pit
D:4:      layout_loops_corners, lemuel_tele_altar, kiku_gazebo_pond_becter,
          nicolae_concentric_dashed_squares_mild
D:6:      layout_basic, minmay_temple_entry_ruins, gammafunk_ghost_cemetery,
          chequers_serial_rivers_marsh, minmay_misc_feat_x
Temple:   nicolae_temple_colour_theory

Skill      XL: |  1  2  3  4  5  6 |
---------------+-------------------+-----
Stealth        | 3 4 |  4.3
Polearms       | 1 |  1.8
Ranged Weapons | 1 |  1.0
Throwing       | 1 |  1.6
Spellcasting   | 3 |  3.4
Hexes          | 1 |  1.2
Dodging        | 3 |  3.0
Conjurations   | |  4.7

Action                     |  1- 3 |  4- 6 || total
---------------------------+-------+-------++-------
  Melee: Dagger            |    15 |       ||    15
         Tentacles         |    12 |    12 ||    24
         Constrict         |    13 |    17 ||    30
         Glaive            |    34 |    94 ||   128
         Punch             |       |     2 ||     2
   Fire: Sling             |    18 |       ||    18
   Cast: Magic Dart        |    18 |    12 ||    30
    Use: Scroll            |       |     9 ||     9
   Stab: Sleeping          |     5 |    12 ||    17
         Distracted        |       |     1 ||     1
 Armour: Skin              |     8 |    23 ||    31
  Dodge: Dodged            |    48 |    62 ||   110
